 Dungeon Crawl Stone Soup version 0.26-a0-1184-g95e395e029 (webtiles) character file.

Game seed: 12380752154232789752

10341 tatocazan the Quickloader (level 11, -2/84 HPs)
             Began as a Demonspawn Hunter on Dec 27, 2020.
             Was a Priest of Uskayaw.
             Hit by a large rock thrown by a cyclops (14 damage)
             ... on level 12 of the Dungeon.
             The game lasted 00:17:25 (13364 turns).

tatocazan the Quickloader (Demonspawn Hunter)      Turns: 13364, Time: 00:17:25

Health: -2/84      AC: 11    Str: 15    XL:     11   Next: 34%
Magic:  0/16       EV: 16    Int: 12    God:    Uskayaw [***...]
Gold:   550        SH:  5    Dex: 15    Spells: 10/10 levels left

rFire    . . .     SeeInvis .   k - +2 dagger (elec)
rCold    . . .     Faith    .   (no shield)
rNeg     . . .     Spirit   +   K - +0 steam dragon scales
rPois    .         Reflect  +   j - +0 helmet
rElec    .         Harm     .   w - +0 cloak {rCorr}
rCorr    +         Rampage  .   q - +0 pair of gloves
Will     .....                  (no boots)
Stlth    +++.......             H - amulet of reflection
HPRegen  1.24/turn              i - ring of stealth
MPRegen  0.30/turn              (no ring)

@: no status effects
A: claws 1, icy blue scales 1, powered by death 2, magic shield, magic
regeneration
a: Renounce Religion, Stomp, Line Pass


You were on level 12 of the Dungeon.
You worshipped Uskayaw.
Uskayaw was noncommittal.
You visited 2 branches of the dungeon, and saw 13 of its levels.
You also visited: Ice Cave.

You collected 579 gold pieces.
You spent 29 gold pieces at shops.

Inventory:

Hand Weapons
 a - a +1 hand crossbow
 k - a +2 dagger of electrocution (weapon)
 v - a +3 quarterstaff of chaos
 J - a +2 vorpal long sword
Missiles
 d - 38 bolts
 e - 4 curare-tipped darts (quivered)
 f - 62 poisoned darts
 p - 2 atropa-tipped darts
 u - 8 silver boomerangs
Armour
 c - a +0 leather armour
 j - a +0 helmet (worn)
 o - a +0 ring mail
 q - a +0 pair of gloves (worn)
 w - a +0 cloak of preservation (worn)
 K - +0 steam dragon scales (worn)
Jewellery
 i - a ring of stealth (left hand)
 H - an amulet of reflection (around neck)
 M - a +6 ring of strength
Wands
 n - a wand of enslavement (14)
 G - a wand of polymorph (17)
 N - a wand of random effects (14)
Scrolls
 b - 3 scrolls of magic mapping {unknown}
 g - 7 scrolls of identify
 h - 2 scrolls of blinking {unknown}
 m - 2 scrolls of enchant weapon
 r - 2 scrolls of enchant armour {unknown}
 s - 4 scrolls of teleportation
 t - 3 scrolls of amnesia {unknown}
 y - 3 scrolls of remove curse
 C - a scroll of vulnerability {unknown}
 D - a scroll of fog
 O - a scroll of summoning {unknown}
Potions
 l - 2 potions of attraction
 x - 4 potions of curing
 z - a potion of degeneration {unknown}
 A - 2 potions of heal wounds
 B - a potion of lignification {unknown}
 E - a potion of brilliance
 F - a potion of might {unknown}
 I - a potion of flight {unknown}
 L - a potion of haste


   Skills:
 + Level 7.2 Fighting
 * Level 5.0 Short Blades
 * Level 9.4 Crossbows
 + Level 4.6 Throwing
 - Level 5.0 Armour
 + Level 6.6 Dodging
 + Level 3.0 Stealth
 + Level 7.9 Invocations


You had 10 spell levels left.
You didn't know any spells.
Your spell library contained the following spells:

 Spells                   Type           Power        Failure   Level
 Foxfire                  Conj/Fire      0%           32%         1
 Conjure Flame            Conj/Fire      0%           69%         3
 Inner Flame              Hex/Fire       0%           69%         3
 Sticky Flame             Conj/Fire      0%           97%         4
 Fireball                 Conj/Fire      0%           100%        5


Dungeon Overview and Level Annotations

Branches:
Dungeon (12/15)            Temple (1/1) D:4            Lair (0/6) D:9
    Orc (0/2) D:12          IceCv (visited)

Altars:
Ashenzari
Cheibriados
Dithmenos
Elyvilon
Fedhas
Hepliaklqana
Kikubaaqudgha
Makhleb
Nemelex Xobeh
Okawaru
Ru
Trog
Uskayaw
Vehumet
Wu Jian
Xom
Yredelemnul
Zin
The Shining One

Shops:
D:5 [*([

Annotations:
D:6 2 transporters, Frask's ghost, novice MiMo
D:10 Erolcha


Innate Abilities, Weirdness & Mutations

You have sharp fingernails.
You are partially covered in icy blue scales. (AC +2)
You regenerate health from kills.
When hurt, damage is shared between your health and your magic reserves.
You regenerate magic rapidly.


Message History

Uskayaw will force your foes to helplessly watch your dance.
Uskayaw prepares the audience for your solo!
The helpless boulder beetle fails to defend itself.
You impale the boulder beetle!!
The boulder beetle is almost dead.
The boulder beetle is no longer paralysed.
You hit the boulder beetle.
The boulder beetle is almost dead.
The cyclops is no longer paralysed.
The boulder beetle bites you!!
* * * LOW HITPOINT WARNING * * *
The cyclops throws a large rock.
The large rock barely misses you.
You take 22 damage, and have 10/84 hp.
MASSIVE DAMAGE!!
You now have 2/16 mp.
You hit the boulder beetle but do no damage.
Lightning courses through the boulder beetle!
You kill the boulder beetle!
The iguana is no longer paralysed.
The gargoyle is no longer paralysed.
Your Short Blades skill increases to level 5!
Your Stealth skill increases to level 3!
The cyclops throws a large rock.
The large rock hits you!
You die...

..#
###'###..###
.. ##..##
##..# ##.#
##.### #..#
##... ##.##
#.# ....9#
##.## ..
..C.##..# ..
#†l#..# #((..#
#@...#
...?...#.(#.#
#.....#..###.#
#######○.# #..
B.## ##' ..# .
..#


You could see a cyclops, a gargoyle and an iguana.

Vanquished Creatures
  A hydra (D:11)
  A boulder beetle (D:12)
  An ugly thing (D:12)
  A cyclops (D:11)
  A wolf spider zombie (D:12)
  Psyche (D:10)
  Joseph (D:7)
  Maggie (D:10)
  2 trolls
  Sigmund (D:4)
  A wraith (D:10)
  2 yaks (D:9)
  Eustachio (D:4)
  A water moccasin (D:7)
  4 orc warriors
  A sky beast (D:7)
  4 ogres
  3 ice beasts
  A phantom (D:9)
  3 black bears (D:9)
  5 wolves
  2 centaurs
  A big kobold (D:10)
  10 bullfrogs
  2 wyvern zombies (D:11)
  A water moccasin zombie (D:5)
  3 scorpions
  22 wights
  8 killer bees
  4 howler monkeys
  A bullfrog zombie (D:11)
  A quasit (D:9)
  A centaur zombie (D:10)
  3 hounds
  4 orc wizards
  5 jellies
  2 orc priests (D:10)
  Crazy Yiuf (D:5)
  A centaur skeleton (D:7)
  2 iguanas
  5 worker ants
  Natasha (thrice) (D:4)
  A killer bee zombie (D:8)
  A hound zombie (D:6)
  A hound skeleton (D:9)
  11 adders
  5 gnolls
  A shadow imp (D:8)
  16 white imps
  2 ufetubi
  2 adder skeletons (D:4)
  An adder zombie (D:5)
  4 worms
  3 dart slugs
  A leopard gecko (D:1)
  25 orcs
  3 bats
  3 giant cockroaches
  9 goblins
  8 hobgoblins
  14 jackals
  11 kobolds
  3 quokkas
  A ball python (D:2)
  6 frilled lizards
  A leopard gecko skeleton (D:4)
  7 rats
259 creatures vanquished.

Vanquished Creatures (others)
  An orc wizard (D:10)
  12 fungi (D:9)
  5 plants (D:9)
18 creatures vanquished.

Grand Total: 277 creatures vanquished

Notes
Turn   | Place    | Note
-------+----------+-------------------------------------------
     0 | D:1      | tatocazan the Demonspawn Hunter began the quest for the
                  | Orb.
     0 | D:1      | Reached XP level 1. HP: 16/16 MP: 1/1
   527 | D:1      | Gained mutation: When hurt, damage is shared between your
                  | health and your magic reserves. [demonic ancestry]
   527 | D:1      | Reached XP level 2. HP: 22/22 MP: 2/2
   530 | D:1      | Reached skill level 1 in Stealth
   997 | D:2      | Found a broken altar of Ashenzari.
  1005 | D:2      | Reached skill level 1 in Armour
  1005 | D:2      | Gained mutation: You have sharp fingernails. [demonic
                  | ancestry]
  1005 | D:2      | Reached XP level 3. HP: 24/28 MP: 1/3
  1174 | D:2      | Reached skill level 4 in Crossbows
  1226 | D:2      | Reached XP level 4. HP: 34/34 MP: 4/4
  1428 | D:2      | Found a shimmering altar of Xom.
  2144 | D:2      | Gained mutation: You regenerate a little health from kills.
                  | [demonic ancestry]
  2144 | D:2      | Reached XP level 5. HP: 39/40 MP: 5/5
  3467 | D:3      | Reached XP level 6. HP: 14/47 MP: 4/6
  4329 | D:4      | Noticed Natasha
  4345 | D:4      | Killed Natasha
  4369 | D:4      | Noticed Natasha
  4374 | D:4      | Killed Natasha
  4612 | D:4      | Noticed Natasha
  4618 | D:4      | Killed Natasha
  4619 | D:4      | Gained mutation: You regenerate health from kills. [demonic
                  | ancestry]
  4619 | D:4      | Reached XP level 7. HP: 52/54 MP: 5/7
  4673 | D:4      | Found a staircase to the Ecumenical Temple.
  4704 | Temple   | Entered the Ecumenical Temple
  4741 | Temple   | Became a worshipper of Uskayaw the Reveller
  4836 | D:4      | Noticed Eustachio
  4875 | D:4      | Reached * piety under Uskayaw
  4876 | D:4      | Reached ** piety under Uskayaw
  4885 | D:4      | Killed Eustachio
  4886 | D:4      | Reached skill level 5 in Crossbows
  4886 | D:4      | Reached skill level 1 in Invocations
  4989 | D:4      | Noticed Sigmund
  4996 | D:4      | Killed Sigmund
  4996 | D:4      | Reached *** piety under Uskayaw
  5028 | D:4      | Reached **** piety under Uskayaw
  5185 | D:4      | Found an iron altar of Okawaru.
  5296 | D:5      | Entered Level 5 of the Dungeon
  5313 | D:5      | Gained mutation: You are partially covered in icy blue
                  | scales. (AC +2) [demonic ancestry]
  5313 | D:5      | Reached XP level 8. HP: 16/61 MP: 3/9
  5894 | D:5      | Found Qosoxt's Assorted Antiques.
  5908 | D:5      | Bought a scroll labelled FIKLUAS BUSS for 29 gold pieces
  5913 | D:5      | Found Tahom's Weapon Shop.
  5948 | D:5      | Found Yruigrud's Antique Armour Emporium.
  6009 | D:5      | Found Abeisuaz's Armour Shoppe.
  6040 | D:5      | Reached skill level 6 in Crossbows
  6180 | D:5      | Found a runed translucent door.
  6513 | D:5      | Noticed Crazy Yiuf
  6529 | D:5      | Killed Crazy Yiuf
  6875 | D:6      | Found a shimmering altar of Xom.
  6964 | D:6      | Found a transporter.
  6964 | D:6      | Noticed Frask's ghost (novice MiMo)
  7037 | D:6      | Found a transporter.
  7387 | D:7      | Reached skill level 5 in Fighting
  7392 | D:7      | Reached skill level 1 in Throwing
  7410 | D:7      | Reached ***** piety under Uskayaw
  7449 | D:7      | Reached XP level 9. HP: 60/68 MP: 5/12
  7752 | D:7      | Reached skill level 5 in Dodging
  7755 | D:7      | Reached skill level 7 in Crossbows
  7804 | D:7      | Noticed Joseph
  7822 | D:7      | Killed Joseph
  7823 | D:7      | Reached skill level 5 in Invocations
  8071 | D:8      | Noticed a troll
  8086 | D:8      | Killed a troll
  9541 | D:9      | Reached skill level 5 in Armour
  9543 | D:9      | Reached skill level 1 in Short Blades
  9618 | D:9      | Reached skill level 8 in Crossbows
  9618 | D:9      | Gained mutation: You regenerate magic rapidly. [demonic
                  | ancestry]
  9618 | D:9      | Reached XP level 10. HP: 41/76 MP: 7/14
 10132 | D:9      | Found a staircase to the Lair.
 10343 | D:10     | Entered Level 10 of the Dungeon
 10552 | D:10     | Noticed Maggie
 10568 | D:10     | Killed Maggie
 10765 | D:10     | Noticed Psyche
 10781 | D:10     | Killed Psyche
 10829 | D:10     | Noticed Erolcha
 12006 | D:11     | Noticed a cyclops
 12314 | D:11     | Noticed a six-headed hydra
 12341 | D:11     | Killed a six-headed hydra
 12342 | D:11     | Reached skill level 9 in Crossbows
 12435 | D:11     | Found a frozen archway.
 12471 | D:11     | Reached XP level 11. HP: 83/83 MP: 10/16
 12553 | IceCv    | Entered an ice cave
 13224 | D:12     | Found a bloodstained altar of Trog.
 13308 | D:12     | Noticed a brown ugly thing
 13317 | D:12     | Killed a brown ugly thing
 13334 | D:12     | Found a staircase to the Orcish Mines.
 13344 | D:12     | Noticed a boulder beetle
 13363 | D:12     | Killed a boulder beetle
 13364 | D:12     | Reached skill level 5 in Short Blades
 13364 | D:12     | Hit by a large rock thrown by a cyclops

Illustrated notes

Levels and vault maps discovered:
D:1:      dpeg_arrival_boxorama, layout_basic
D:2:      layout_basic, general_overflow_altar, xom_teletrap_fun
D:3:      layout_loops_corners
D:4:      layout_basic, minmay_temple_entry_poolview, okawaru_altar_gauntlet_db,
          uniq_natasha, uniq_sigmund, uniq_eustachio
D:5:      layout_cave_pools, serial_shops, shop, nicolae_shop_waterfront,
          kennysheep_mini_moat, nicolae_shop_trees, uniq_crazy_yiuf_cottage
D:6:      layout_cave_pools, basic_altar, gammafunk_ghost_mausoleum
D:7:      layout_basic, uniq_joseph
D:8:      layout_basic
D:9:      layout_rooms, grunt_lair_entry_orc_guard_hut
D:10:     layout_basic, st_stairs_14, minmay_diced_spiral, uniq_psyche,
          uniq_erolcha, uniq_maggie
D:11:     layout_rooms, portal_ice_cave_entry_imps
D:12:     minmay_the_grid_octo_triangle [minmay_the_grid_octo_chip,
          minmay_the_grid_octo_prize_single_spiral, minmay_the_grid_octo_77],
          layout_rooms, orc_0_dummy, trog_wizard
Temple:   compressed_dpeg_circular_temple

Skill      XL: |  1  2  3  4  5  6  7  8  9 10 11 |
---------------+----------------------------------+-----
Dodging        | 2 3 4 5 6 |  6.6
Stealth        | 1 2 3 |  3.0
Armour         | 1 2 3 4 5 |  5.0
Crossbows      | 4 5 6 8 9 |  9.4
Fighting       | 3 4 5 6 7 |  7.2
Invocations    | 2 4 6 7 |  7.9
Throwing       | 1 3 4 |  4.6
Short Blades   | 1 4 5 |  5.0

Action                   |  1- 3 |  4- 6 |  7- 9 | 10-12 || total
-------------------------+-------+-------+-------+-------++-------
Melee: Short sword       |    37 |       |       |       ||    37
       Dagger            |    10 |   170 |   270 |   377 ||   827
 Fire: Hand crossbow     |    15 |     4 |    61 |    45 ||   125
Throw: Dart              |       |       |     5 |     1 ||     6
Evoke: Wand              |       |       |     1 |       ||     1
  Use: Potion            |       |     4 |     1 |     3 ||     8
       Scroll            |       |     5 |       |     2 ||     7
 Stab: Sleeping          |     2 |     2 |     8 |     6 ||    18
       Paralysed         |       |       |    11 |    25 ||    36
       Distracted        |       |       |       |     1 ||     1
Armor: Leather armour    |    12 |    24 |       |       ||    36
       Ring mail         |       |    18 |   124 |    50 ||   192
       Steam dragon scal |       |       |       |    79 ||    79
Dodge: Dodged            |    40 |    98 |   253 |   306 ||   697
Block: Other             |       |       |       |    94 ||    94
       Reflection        |       |       |       |    11 ||    11

Table legend: (Time is in decaauts)
 A = Elapsed time spent in this place.
 B = Non-inter-level travel time spent in this place.
 C = Inter-level travel time spent in this place.
 D = Time resting spent in this place.
 E = Time spent auto-exploring this place.
 F = Levels seen in this place.
 G = Mean time per level.
                   A        B        C        D        E       F      G
               +--------+--------+--------+--------+--------+-----+--------+
         Total |  13301 |  13051 |    250 |   4684 |   6347 |  14 |  950.1 |
       Dungeon |  13187 |  12971 |    216 |   4684 |   6301 |  12 | 1098.9 |
        Temple |     74 |     40 |     34 |      0 |     35 |   1 |   74.0 |
      Ice Cave |     38 |     38 |      0 |      0 |     11 |   1 |   38.0 |
               +--------+--------+--------+--------+--------+-----+--------+

Top non-repeatable levels by time:
     D:3: 1766 daAuts
     D:5: 1577 daAuts
    D:10: 1566 daAuts
     D:8: 1409 daAuts
     D:2: 1348 daAuts
    D:11: 1207 daAuts
     D:4: 1114 daAuts
     D:1: 1001 daAuts
     D:9: 889 daAuts
     D:7: 700 daAuts
     D:6: 461 daAuts
    D:12: 142 daAuts
  Temple: 74 daAuts
   IceCv: 38 daAuts
